PAAA
BAKERSFIELD NOBLES @ ALASKAN HUMPBACKS
09/27/2038
 
TOP OF THE 1ST
Bakersfield Nobles batting - Pitching for Alaskan Humpbacks : RHP Glenn Suggett
Pitching: RHP Glenn Suggett
Batting: RHB Maxence Sultanbekov 0-0: Ground out U3 (Groundball, 34, EV 102.5 MPH)
Batting: RHB John Mayasich 0-0: Called Strike
0-1: Ground out 1-3 (Groundball, P, EV 90.0 MPH)
Batting: RHB Bart Goodine 0-0: Called Strike
0-1: Swinging Strike
0-2: Strikes out swinging
Top of the 1st over - 0 runs, 0 hits, 0 errors, 0 left on base; Bakersfield 0 - Alaskan 0
BOTTOM OF THE 1ST
Alaskan Humpbacks batting - Pitching for Bakersfield Nobles : RHP Firpo Marberry
Pitching: RHP Firpo Marberry
Batting: LHB Philip Visscher 0-0: Called Strike
0-1: Ball
1-1: Ball
2-1: Foul Ball, location: 2F
2-2: Foul Ball, location: 2F
2-2: Fly out, F9 (Flyball, 89M, EV 93.8 MPH)
Batting: RHB Jon Moon 0-0: Called Strike
0-1: Foul Ball, location: 2F
0-2: Strikes out swinging, 2-3 out at first.
Batting: RHB Pacu Martic 0-0: Ball
1-0: Called Strike
1-1: Called Strike
1-2: Foul Ball, location: 2F
1-2: Ball
2-2: Ground out U3 (Groundball, 3S, EV 85.6 MPH)
Bottom of the 1st over - 0 runs, 0 hits, 0 errors, 0 left on base; Bakersfield 0 - Alaskan 0
TOP OF THE 2ND
Bakersfield Nobles batting - Pitching for Alaskan Humpbacks : RHP Glenn Suggett
Batting: SHB Eisse van Opdorp 0-0: Ball
1-0: Swinging Strike
1-1: Ball
2-1: Called Strike
2-2: Strikes out swinging
Batting: RHB Anselmo Berneu 0-0: Called Strike
0-1: Called Strike
0-2: Strikes out swinging
Batting: SHB Temaki Yuka 0-0: Swinging Strike
0-1: Ball
1-1: SINGLE (Line Drive, 78S, EV 110.6 MPH)
Batting: RHB Asbel Kiprop 0-0: Ball
1-0: Fielders Choice at 2nd, 6-4 (Groundball, 6, EV 83.8 MPH)
Top of the 2nd over - 0 runs, 1 hit, 0 errors, 1 left on base; Bakersfield 0 - Alaskan 0
BOTTOM OF THE 2ND
Alaskan Humpbacks batting - Pitching for Bakersfield Nobles : RHP Firpo Marberry
Batting: RHB José Torres 0-0: Ball
1-0: Called Strike
1-1: Ball
2-1: Fly out, F7 (Flyball, 7D, EV 100.6 MPH)
Batting: LHB Pat Pending 0-0: Called Strike
0-1: Ball
1-1: Ball
2-1: Swinging Strike
2-2: Hit by Pitch
Batting: LHB Carlos Castro 0-0: Called Strike
0-1: Ball
Pat Pending steals 2nd, throwing error, E2
Pat Pending to third
1-1: Fly out, F4 (Popup, 4M, EV 79.4 MPH)
Batting: LHB Shohei Otani 0-0: Ball
1-0: Called Strike
1-1: Ball
2-1: Swinging Strike
2-2: Ball
3-2: Ground out 4-3 (Groundball, 4, EV 87.5 MPH)
Bottom of the 2nd over - 0 runs, 0 hits, 1 error, 1 left on base; Bakersfield 0 - Alaskan 0
TOP OF THE 3RD
Bakersfield Nobles batting - Pitching for Alaskan Humpbacks : RHP Glenn Suggett
Batting: RHB Tyler Bowen 0-0: Swinging Strike
0-1: Foul Ball, location: 2F
0-2: Foul Ball, location: 2F
0-2: Ball
1-2: Strikes out looking
Batting: LHB Juan Alvarado 0-0: Foul Ball, location: 2F
0-1: Ball
1-1: Foul Ball, location: 2F
1-2: Fly out, F8 (Line Drive, 8RD, EV 100.6 MPH)
Batting: RHB Maxence Sultanbekov 0-0: Ball
1-0: Swinging Strike
1-1: Fly out, F8 (Flyball, 8RS, EV 91.9 MPH)
Top of the 3rd over - 0 runs, 0 hits, 0 errors, 0 left on base; Bakersfield 0 - Alaskan 0
BOTTOM OF THE 3RD
Alaskan Humpbacks batting - Pitching for Bakersfield Nobles : RHP Firpo Marberry
Batting: LHB Augusto Reyes 0-0: Ball
1-0: Called Strike
1-1: Fly out, F9 (Flyball, 9LM, EV 92.5 MPH)
Batting: RHB Kyuso Kouno 0-0: Ball
1-0: DOUBLE (Flyball, 89XD, EV 108.1 MPH)
Batting: LHB Philip Visscher 0-0: Ball
1-0: Called Strike
1-1: Ball
2-1: Called Strike
2-2: Ball
3-2: Strikes out looking
Batting: RHB Jon Moon 0-0: SINGLE (Groundball, 34D, EV 97.5 MPH)
Kyuso Kouno to third
Runner from 3rd tries for Home, SAFE, throw by RF to home
Batting: RHB Pacu Martic 0-0: Ball
1-0: SINGLE (Line Drive, 34, EV 95.6 MPH)
Jon Moon to second
Runner from 2nd tries for 3rd, SAFE, throw by RF made to third
Batting: RHB José Torres 0-0: Ball
1-0: Ball
2-0: Called Strike
2-1: Swinging Strike
2-2: Ball
3-2: Ground out 3-1 (Groundball, 34, EV 85.0 MPH)
Bottom of the 3rd over - 1 run, 3 hits, 0 errors, 2 left on base; Bakersfield 0 - Alaskan 1
TOP OF THE 4TH
Bakersfield Nobles batting - Pitching for Alaskan Humpbacks : RHP Glenn Suggett
Batting: RHB John Mayasich 0-0: Called Strike
0-1: Ball
1-1: Foul Ball, location: 2F
1-2: Fly out, F9 (Flyball, 89D, EV 93.8 MPH)
Batting: RHB Bart Goodine 0-0: Swinging Strike
0-1: Ball
1-1: Foul Ball, location: 2F
1-2: Strikes out looking
Batting: SHB Eisse van Opdorp 0-0: Called Strike
0-1: Foul Ball, location: 2F
0-2: Foul Ball, location: 2F
0-2: SINGLE (Flyball, 78S, EV 88.1 MPH)
Batting: RHB Anselmo Berneu 0-0: Called Strike
0-1: Called Strike
0-2: Ball
1-2: SINGLE (Line Drive, 6MD, EV 108.1 MPH)
Eisse van Opdorp to second
Batting: SHB Temaki Yuka 0-0: Ball
1-0: Foul Ball, location: 2F
1-1: Ball
2-1: 3-RUN HOME RUN (Flyball, 9D, EV 100.6 MPH), Distance : 382 ft
Batting: RHB Asbel Kiprop 0-0: Fly out, F8 (Flyball, 8LXD, EV 83.1 MPH)
Top of the 4th over - 3 runs, 3 hits, 0 errors, 0 left on base; Bakersfield 3 - Alaskan 1
BOTTOM OF THE 4TH
Alaskan Humpbacks batting - Pitching for Bakersfield Nobles : RHP Firpo Marberry
Batting: LHB Pat Pending 0-0: Foul Ball, location: 2F
0-1: Ball
1-1: Foul Ball, location: 2F
1-2: Ball
2-2: Fly out, F4 (Popup, 4MD, EV 66.9 MPH)
Batting: LHB Carlos Castro 0-0: Foul Ball, location: 2F
0-1: Ball
1-1: Ball
2-1: Foul Ball, location: 2F
2-2: Foul Ball, location: 2F
2-2: Ball
3-2: Foul Ball, location: 2F
3-2: SINGLE (Groundball, 34D, EV 95.0 MPH)
Batting: LHB Shohei Otani 0-0: Ball
1-0: Grounds into double play, 4-6-3 (Groundball, 4, EV 97.5 MPH)
Bottom of the 4th over - 0 runs, 1 hit, 0 errors, 0 left on base; Bakersfield 3 - Alaskan 1
TOP OF THE 5TH
Bakersfield Nobles batting - Pitching for Alaskan Humpbacks : RHP Glenn Suggett
Batting: RHB Tyler Bowen 0-0: Ball
1-0: Ball
2-0: Called Strike
2-1: Ball
3-1: Foul Ball, location: 2F
3-2: DOUBLE (Flyball, 78D, EV 98.1 MPH)
Batting: LHB Juan Alvarado 0-0: SINGLE (Groundball, 6D, EV 99.4 MPH)
Tyler Bowen to third
Batting: RHB Maxence Sultanbekov 0-0: SINGLE (Line Drive, 78S, EV 96.9 MPH)
Tyler Bowen scores
Juan Alvarado to second
Runner from 2nd tries for 3rd, OUT! 7-5
Batting: RHB John Mayasich 0-0: Called Strike
0-1: Ball
1-1: Swinging Strike
1-2: Foul Ball, location: 2F
1-2: Ball
2-2: Ball
3-2: Ground out U3 (Groundball, 34, EV 105.0 MPH)
Maxence Sultanbekov to second
Batting: RHB Bart Goodine 0-0: Ball
1-0: Ground out 6-3 (Groundball, 6S, EV 68.8 MPH)
Top of the 5th over - 1 run, 3 hits, 0 errors, 1 left on base; Bakersfield 4 - Alaskan 1
BOTTOM OF THE 5TH
Alaskan Humpbacks batting - Pitching for Bakersfield Nobles : RHP Firpo Marberry
Batting: LHB Augusto Reyes 0-0: Called Strike
0-1: Called Strike
0-2: Ball
1-2: Fly out, F8 (Line Drive, 8RD, EV 108.8 MPH)
Batting: RHB Kyuso Kouno 0-0: Called Strike
0-1: Ball
1-1: Ball
2-1: Swinging Strike
2-2: SINGLE (Groundball, 56D, EV 103.8 MPH)
Batting: LHB Philip Visscher 0-0: Called Strike
0-1: Ball
1-1: Foul Ball, location: 2F
1-2: SINGLE (Groundball, 6MD, EV 104.4 MPH)
Kyuso Kouno to second
Batting: RHB Jon Moon 0-0: Swinging Strike
0-1: Called Strike
0-2: Ball
1-2: Foul Ball, location: 2F
1-2: Ground out 5-3 (Groundball, 5S, EV 66.2 MPH)
Kyuso Kouno to third
Philip Visscher to second
Batting: RHB Pacu Martic 0-0: Ball
1-0: Ground out 6-3 (Groundball, 56, EV 102.5 MPH)
Bottom of the 5th over - 0 runs, 2 hits, 0 errors, 2 left on base; Bakersfield 4 - Alaskan 1
TOP OF THE 6TH
Bakersfield Nobles batting - Pitching for Alaskan Humpbacks : RHP Glenn Suggett
Batting: SHB Eisse van Opdorp 0-0: Ball
1-0: Swinging Strike
1-1: Foul Ball, location: 2F
1-2: Strikes out swinging
Batting: RHB Anselmo Berneu 0-0: Called Strike
0-1: Foul Ball, location: 2F
0-2: Ball
1-2: Ball
2-2: Ball
3-2: Fly out, F4 (Popup, 4, EV 62.5 MPH)
Batting: SHB Temaki Yuka 0-0: Ball
1-0: Called Strike
1-1: Ground out U3 (Groundball, 3, EV 98.8 MPH)
Top of the 6th over - 0 runs, 0 hits, 0 errors, 0 left on base; Bakersfield 4 - Alaskan 1
BOTTOM OF THE 6TH
Alaskan Humpbacks batting - Pitching for Bakersfield Nobles : RHP Firpo Marberry
Batting: RHB José Torres 0-0: Ball
1-0: Ground out 4-3 (Groundball, 4, EV 78.1 MPH)
Pitching: RHP Glenn Butler
Batting: LHB Pat Pending 0-0: SINGLE (Flyball, 89S, EV 83.1 MPH)
Batting: LHB Carlos Castro 0-0: Swinging Strike
0-1: Ball
1-1: Called Strike
1-2: Ball
2-2: SINGLE (Groundball, 6MD, EV 103.1 MPH)
Pat Pending to second
Runner from 2nd tries for 3rd, SAFE, no throw by CF
Batting: LHB Shohei Otani 0-0: Called Strike
0-1: Called Strike
0-2: Foul Ball, location: 2F
0-2: SINGLE (Flyball, 89M, EV 95.6 MPH)
Pat Pending scores
Carlos Castro to second
Batting: LHB Augusto Reyes 0-0: Ball
1-0: Fielders Choice at 2nd, 5-4 (Groundball, 56, EV 85.6 MPH)
Carlos Castro to third
Batting: RHB Kyuso Kouno 0-0: Called Strike
0-1: Foul Ball, location: 2F
0-2: Foul Ball, location: 2F
0-2: Fielders Choice at 2nd, 5-4 (Groundball, 5, EV 83.8 MPH)
Bottom of the 6th over - 1 run, 3 hits, 0 errors, 2 left on base; Bakersfield 4 - Alaskan 2
TOP OF THE 7TH
Bakersfield Nobles batting - Pitching for Alaskan Humpbacks : RHP Glenn Suggett
Pitching: RHP Job Janssen
Batting: RHB Asbel Kiprop 0-0: Ball
1-0: Ball
2-0: Fly out, F4 (Line Drive, 4, EV 71.9 MPH)
Batting: RHB Tyler Bowen 0-0: Ball
1-0: Foul Ball, location: 2F
1-1: SINGLE (Line Drive, 89S, EV 97.5 MPH)
Batting: LHB Juan Alvarado 0-0: SINGLE (Groundball, 34S, EV 67.5 MPH) (infield hit)
Tyler Bowen to second
Batting: RHB Maxence Sultanbekov 0-0: Grounds into double play, 6-4-3 (Groundball, 6, EV 99.4 MPH)
Top of the 7th over - 0 runs, 2 hits, 0 errors, 1 left on base; Bakersfield 4 - Alaskan 2
BOTTOM OF THE 7TH
Alaskan Humpbacks batting - Pitching for Bakersfield Nobles : RHP Glenn Butler
Batting: LHB Philip Visscher 0-0: Ball
1-0: SINGLE (Line Drive, 9LM, EV 100.0 MPH)
Batting: RHB Jon Moon 0-0: Ball
1-0: Ball
2-0: Called Strike
2-1: Called Strike
2-2: Ball
3-2: Reached on error, E4 (Groundball, 4, EV 78.1 MPH)
Philip Visscher to second
Batting: RHB Pacu Martic 0-0: Grounds into double play, 5-4-3 (Groundball, 56, EV 85.0 MPH)
Philip Visscher to third
Batting: RHB José Torres 0-0: Ball
1-0: Ball
2-0: Foul Ball, location: 2F
2-1: Fly out, F9 (Flyball, 9S, EV 85.0 MPH)
Bottom of the 7th over - 0 runs, 1 hit, 1 error, 1 left on base; Bakersfield 4 - Alaskan 2
TOP OF THE 8TH
Bakersfield Nobles batting - Pitching for Alaskan Humpbacks : RHP Job Janssen
Batting: RHB John Mayasich 0-0: SINGLE (Flyball, 89M, EV 90.0 MPH)
Batting: RHB Bart Goodine 0-0: Ball
Wild Pitch!
John Mayasich to second
1-0: Ball
2-0: Ball
3-0: Called Strike
3-1: Foul Ball, location: 2F
3-2: Foul Ball, location: 2F
3-2: Base on Balls
Batting: SHB Eisse van Opdorp 0-0: Called Strike
0-1: SINGLE (Line Drive, 78M, EV 93.8 MPH)
John Mayasich to third
Bart Goodine to second
Batting: RHB Anselmo Berneu 0-0: Foul Ball, location: 2F
0-1: Foul Ball, location: 2F
0-2: Strikes out swinging
Batting: SHB Temaki Yuka 0-0: Called Strike
0-1: Ball
1-1: Ball
2-1: Ball
Wild Pitch!
John Mayasich scores
Bart Goodine to third
Eisse van Opdorp to second
3-1: Intentional Walk
Pitching: RHP Kingston Liniak
Batting: RHB Asbel Kiprop 0-0: Ball
1-0: Ball
2-0: Swinging Strike
2-1: Ball
3-1: Fly out, F5 (Line Drive, 5, EV 76.9 MPH)
Batting: RHB Tyler Bowen 0-0: Ball
1-0: Ball
2-0: Foul Ball, location: 2F
2-1: Foul Ball, location: 2F
2-2: DOUBLE (Line Drive, 3D, EV 100.0 MPH)
Bart Goodine scores
Eisse van Opdorp scores
Temaki Yuka to third
Runner from 3rd tries for Home, SAFE, throw by RF to trailing runner, SAFE at third!
Batting: LHB Juan Alvarado 0-0: Ground out 4-3 (Groundball, 4, EV 106.9 MPH)
Top of the 8th over - 4 runs, 3 hits, 0 errors, 1 left on base; Bakersfield 8 - Alaskan 2
BOTTOM OF THE 8TH
Alaskan Humpbacks batting - Pitching for Bakersfield Nobles : RHP Glenn Butler
Batting: LHB Pat Pending 0-0: Called Strike
0-1: Ball
1-1: Fly out, F9 (Line Drive, 9, EV 98.8 MPH)
Batting: LHB Carlos Castro 0-0: Foul Ball, location: 2F
0-1: Ball
1-1: Swinging Strike
1-2: Foul Ball, location: 2F
1-2: Strikes out swinging
Batting: LHB Shohei Otani 0-0: Ball
1-0: Called Strike
1-1: Swinging Strike
1-2: Ball
2-2: SINGLE (Groundball, 34D, EV 100.0 MPH)
Pitching: RHP Raneem Zogby
Batting: LHB Augusto Reyes 0-0: Called Strike
0-1: Ball
1-1: Foul Ball, location: 2F
1-2: Fly out, F4 (Line Drive, 4, EV 68.8 MPH)
Bottom of the 8th over - 0 runs, 1 hit, 0 errors, 1 left on base; Bakersfield 8 - Alaskan 2
TOP OF THE 9TH
Bakersfield Nobles batting - Pitching for Alaskan Humpbacks : RHP Kingston Liniak
Batting: RHB Maxence Sultanbekov 0-0: Ball
1-0: Foul Ball, location: 2F
1-1: Fly out, F8 (Flyball, 89D, EV 103.1 MPH)
Batting: RHB John Mayasich 0-0: Called Strike
0-1: Foul Ball, location: 2F
0-2: Ball
1-2: Ball
2-2: Ball
3-2: Strikes out swinging
Batting: RHB Bart Goodine 0-0: Foul Ball, location: 2F
0-1: Ball
1-1: Foul Ball, location: 2F
1-2: DOUBLE (Line Drive, 89D, EV 109.4 MPH)
Batting: SHB Eisse van Opdorp 0-0: Called Strike
0-1: Ball
1-1: Called Strike
1-2: Ball
2-2: Ball
3-2: Base on Balls
Batting: RHB Anselmo Berneu 0-0: Called Strike
0-1: SINGLE (Line Drive, 89S, EV 100.6 MPH)
Bart Goodine to third
Eisse van Opdorp to second
Runner from 3rd tries for Home, SAFE, throw by RF to home
Batting: SHB Temaki Yuka 0-0: Called Strike
0-1: Ball
1-1: Called Strike
1-2: Ball
2-2: Ball
3-2: Reached on error, E3 (Groundball, 3L, EV 81.9 MPH)
Eisse van Opdorp to third
Anselmo Berneu to second
Batting: RHB Asbel Kiprop 0-0: Called Strike
0-1: DOUBLE (Flyball, 89D, EV 92.5 MPH)
Eisse van Opdorp scores
Anselmo Berneu scores
Temaki Yuka to third
Runner from 3rd tries for Home, SAFE, no throw by CF
Pitching: RHP Mike Preston
Batting: RHB Tyler Bowen 0-0: Called Strike
0-1: Ground out 6-3 (Groundball, 6, EV 83.1 MPH)
Top of the 9th over - 4 runs, 3 hits, 1 error, 1 left on base; Bakersfield 12 - Alaskan 2
BOTTOM OF THE 9TH
Alaskan Humpbacks batting - Pitching for Bakersfield Nobles : RHP Raneem Zogby
Batting: RHB Kyuso Kouno 0-0: Called Strike
0-1: Ball
1-1: Ball
2-1: Called Strike
2-2: Ground out 6-3 (Groundball, 6, EV 101.2 MPH)
Batting: LHB Philip Visscher 0-0: Swinging Strike
0-1: Ball
1-1: Called Strike
1-2: Foul Ball, location: 2F
1-2: Ball
2-2: Ball
3-2: Fly out, F9 (Flyball, 89D, EV 96.2 MPH)
Batting: RHB Jon Moon 0-0: Fly out, F7 (Line Drive, 7, EV 90.0 MPH)
Bottom of the 9th over - 0 runs, 0 hits, 0 errors, 0 left on base; Bakersfield 12 - Alaskan 2
Friday, April 17th, 2020 - OOTP Baseball 20.8 Build 74